Connexion

DETROIT Red Wings vs PITTSBURGH Penguins

Created - 26 janvier 2024 at 05:47

Goals
1 2 3 T
DETROIT Red Wings 1 0 0 1
PITTSBURGH Penguins 3 0 0 3
Shots
1 2 3 T
DETROIT Red Wings 11 5 7 23
PITTSBURGH Penguins 12 8 4 24

GoalsPenalties
1st period
1. DETROIT Red Wings , Gabriel Landeskog 8 (Devon Toews 27, Mike Amadio 10) at 6:07
2. PITTSBURGH Penguins , Justin Kloos 4 (Will Butcher 36, Jake Gardiner 35) at 6:45
3. PITTSBURGH Penguins , Jake Gardiner 10 (Oliver Bjorkstrand 30, Will Butcher 37) at 13:11 (PP)
4. PITTSBURGH Penguins , Alexander Barabanov 8 (Will Butcher 38, Gustav Nyquist 23) at 19:53
Erik Karlsson (DET) for Slashing (Minor) at 12:51
Morgan Rielly (DET) for High sticking (Minor) at 14:37
2nd period
No Goal
Milan Lucic (PIT) for Diving (Minor) at 8:25
3rd period
No Goal
Tanner Jeannot (DET) for Tripping (Minor) at 15:38
Goalie Stats
Elvis Merzlikins (DET), 21 saves from 24 shots - (0,875), L, 21-29-2, 60:00 minutes
Darcy Kuemper (PIT), 22 saves from 23 shots - (0,957), W, 28-19-6, 60:00 minutes
3 StarsOfficial
1 - Jake Gardiner (PIT)
2 - Will Butcher (PIT)
3 - Justin Kloos (PIT)
Referees : Justin StPierre and Steve Kozari
Linesman : Derek Nansen and Tony Sericolo
Game Note
No Game Note
Finance
Level 1 -- Attendance: 4934 (82,23%) -- Ticket Income $705,562
Level 2 -- Attendance: 4811 (89,31%) -- Ticket Income $432,990
Level 3 -- Attendance: 2000 (100,00%) -- Ticket Income $106,000
Level 4 -- Attendance: 3701 (92,53%) -- Ticket Income $129,535
Luxury Box -- Attendance: 972 (97,20%) -- Ticket Income $291,600
Game was played at the Consol Energy Center.
Total Attendance: 16418 (89,29%)
Total Ticket Income: $1,665,687
Other Income: $333,137
Total Income: $1,998,824



Team Name Goals Shots Shots Attemp Shots Blocked PIM HIT PP PK FO%
DETROIT Red Wings 1235076280 / 1 (0%)153%
PITTSBURGH Penguins 3245252191 / 3 (33%)047%

DETROIT Red Wings
Player Name POS G A P +/- PIM HIT SHT SB MP PP MP PP SHT PK MP PK SHT FO% FOT
Ben MeyersC/LW000000000:000:0000:0000% 0
Devon ToewsD0110010125:111:1001:5800% 0
Drake BathersonC/RW0000023120:160:4901:18023% 22
Erik KarlssonD0000210225:101:1001:5800% 0
Gabriel LandeskogLW/RW1010046113:390:0000:0300% 0
Jake BeanD000-1000121:160:4902:2000% 0
Jake DeBruskLW/RW000-1014021:551:1003:00033% 3
Jamie BennC/LW000-1033026:051:1002:57072% 39
Mark StoneRW0000002018:580:4900:000100% 1
Mike AmadioC/LW/RW0110003013:360:0000:00050% 12
Mikko RantanenC/LW/RW0000011018:580:4900:000100% 2
Morgan RiellyD000-1230019:580:4901:0300% 0
Nathan MackinnonC/RW000-1040020:131:1001:18033% 3
Noah GregorC000000004:130:0000:00040% 5
Sami NikuD0000020113:330:0000:0000% 0
Tanner JeannotLW/RW000023104:120:0000:000100% 1
Valeri NichushkinLW/RW0000010013:360:0000:00033% 3
Zach WhitecloudD0000020014:500:0001:1700% 0
PITTSBURGH Penguins
Player Name POS G A P +/- PIM HIT SHT SB MP PP MP PP SHT PK MP PK SHT FO% FOT
Adam LarssonD000-1010019:341:5200:4300% 0
Alexander BarabanovLW/RW1010002019:242:0100:090100% 1
Andrei SvechnikovLW/RW0000042019:432:0100:2800% 0
Anton LindholmD000-1012219:341:5210:4300% 0
Brad MarchandLW/RW0001053025:562:1701:00050% 2
Gustav NyquistC/LW/RW0110000019:152:0100:00048% 29
Jake GardinerD1122022125:372:2610:5400% 0
Jasper WeatherbyC000000000:400:0000:0000% 0
Justin KloosC/RW101100205:220:0000:00033% 6
Kevin ConnautonD0000021214:490:0000:2200% 0
Laurent DauphinC/LW000100005:220:0000:0000% 0
Milan LucicLW0000202013:090:0000:0000% 0
Oliver Bjorkstrand LW/RW0110002021:082:1710:540100% 2
Ross ColtonC0000012013:320:0000:22053% 15
Trevor CarrickD0000010014:490:0000:2200% 0
Vitali KravtsovRW0000000013:470:0000:37067% 3
Will ButcherD0332012025:372:2600:5400% 0
William NylanderC/RW0000012020:422:1700:28039% 33



Play-by-Play

1st period


0:01 of 1st period - Nathan Mackinnon wins face-off versus William Nylander in neutral zone.
0:43 of 1st period - Devon Toews is hit by Brad Marchand and loses puck.
1:08 of 1st period - Shot by Mikko Rantanen.
1:08 of 1st period - Shot Misses the Net.
1:10 of 1st period - Shot by Drake Batherson.
1:10 of 1st period - Stopped by Darcy Kuemper without a rebound.
1:11 of 1st period - Mike Amadio wins face-off versus Ross Colton in PITTSBURGH Penguins zone.
1:12 of 1st period - Shot by Gabriel Landeskog.
1:12 of 1st period - Shot Blocked by Kevin Connauton.
1:56 of 1st period - Icing by Trevor Carrick.
1:57 of 1st period - Ross Colton wins face-off versus Drake Batherson in PITTSBURGH Penguins zone.
2:56 of 1st period - Icing by Drake Batherson.
2:57 of 1st period - Justin Kloos wins face-off versus Drake Batherson in DETROIT Red Wings zone.
3:32 of 1st period - Shot by Will Butcher.
3:32 of 1st period - Deflect By Justin Kloos.
3:32 of 1st period - Shot Misses the Net.
3:34 of 1st period - Shot by Justin Kloos.
3:34 of 1st period - Stopped by Elvis Merzlikins without a rebound.
3:35 of 1st period - Jamie Benn wins face-off versus Ross Colton in DETROIT Red Wings zone.
4:52 of 1st period - Shot by Gabriel Landeskog.
4:52 of 1st period - Stopped by Darcy Kuemper without a rebound.
4:53 of 1st period - William Nylander wins face-off versus Noah Gregor in PITTSBURGH Penguins zone.
4:57 of 1st period - William Nylander is hit by Zach Whitecloud.
5:07 of 1st period - Jake Gardiner is hit by Tanner Jeannot and loses puck.
5:27 of 1st period - William Nylander is hit by Zach Whitecloud and loses puck.
5:31 of 1st period - Icing by Zach Whitecloud.
5:32 of 1st period - Jamie Benn wins face-off versus Gustav Nyquist in DETROIT Red Wings zone.
6:07 of 1st period - Shot by Gabriel Landeskog.
6:07 of 1st period - Goal by Gabriel Landeskog - DETROIT Red Wings : 1 - PITTSBURGH Penguins : 0.
6:08 of 1st period - Oliver Bjorkstrand wins face-off versus Drake Batherson in neutral zone.
6:19 of 1st period - Shot by Brad Marchand.
6:19 of 1st period - Stopped by Elvis Merzlikins without a rebound.
6:20 of 1st period - Mike Amadio wins face-off versus Justin Kloos in DETROIT Red Wings zone.
6:45 of 1st period - Shot by Justin Kloos.
6:45 of 1st period - Goal by Justin Kloos - DETROIT Red Wings : 1 - PITTSBURGH Penguins : 1.
6:46 of 1st period - Gustav Nyquist wins face-off versus Drake Batherson in neutral zone.
6:59 of 1st period - Morgan Rielly is hit by Andrei Svechnikov and loses puck.
7:10 of 1st period - Shot by Drake Batherson.
7:10 of 1st period - Stopped by Darcy Kuemper without a rebound.
7:11 of 1st period - William Nylander wins face-off versus Jamie Benn in PITTSBURGH Penguins zone.
7:11 of 1st period - William Nylander is hit by Jake DeBrusk.
7:17 of 1st period - Shot by Brad Marchand.
7:17 of 1st period - Shot Misses the Net.
7:20 of 1st period - Icing by Devon Toews.
7:21 of 1st period - Jamie Benn wins face-off versus William Nylander in DETROIT Red Wings zone.
7:23 of 1st period - Icing by Erik Karlsson.
7:24 of 1st period - William Nylander wins face-off versus Jamie Benn in DETROIT Red Wings zone.
7:37 of 1st period - Shot by William Nylander.
7:37 of 1st period - Stopped by Elvis Merzlikins without a rebound.
7:38 of 1st period - Gustav Nyquist wins face-off versus Drake Batherson in DETROIT Red Wings zone.
8:55 of 1st period - Shot by Will Butcher.
8:55 of 1st period - Stopped by Elvis Merzlikins without a rebound.
8:56 of 1st period - Mike Amadio wins face-off versus William Nylander in DETROIT Red Wings zone.
9:01 of 1st period - Oliver Bjorkstrand is hit by Gabriel Landeskog and loses puck.
9:21 of 1st period - Shot by Gabriel Landeskog.
9:21 of 1st period - Shot Misses the Net.
9:23 of 1st period - Shot by Mike Amadio.
9:23 of 1st period - Stopped by Darcy Kuemper without a rebound.
9:24 of 1st period - Ross Colton wins face-off versus Jamie Benn in PITTSBURGH Penguins zone.
9:24 of 1st period - Ross Colton is hit by Nathan Mackinnon.
9:27 of 1st period - Vitali Kravtsov is hit by Jamie Benn and loses puck.
9:36 of 1st period - Shot by Jake DeBrusk.
9:36 of 1st period - Shot Misses the Net.
9:51 of 1st period - Icing by Milan Lucic.
9:52 of 1st period - Ross Colton wins face-off versus Drake Batherson in PITTSBURGH Penguins zone.
9:52 of 1st period - Ross Colton is hit by Mikko Rantanen.
10:13 of 1st period - Icing by Ross Colton.
10:14 of 1st period - Ross Colton wins face-off versus Jamie Benn in PITTSBURGH Penguins zone.
10:29 of 1st period - Shot by Jake DeBrusk.
10:29 of 1st period - Stopped by Darcy Kuemper with a rebound.
10:51 of 1st period - Shot by Jamie Benn.
10:51 of 1st period - Deflect By Nathan Mackinnon.
10:51 of 1st period - Shot Misses the Net.
10:53 of 1st period - Shot by Jake DeBrusk.
10:53 of 1st period - Shot Misses the Net.
10:55 of 1st period - Shot by Jake DeBrusk.
10:55 of 1st period - Stopped by Darcy Kuemper without a rebound.
10:56 of 1st period - William Nylander wins face-off versus Mike Amadio in PITTSBURGH Penguins zone.
10:56 of 1st period - William Nylander is hit by Gabriel Landeskog.
10:59 of 1st period - Oliver Bjorkstrand is hit by Valeri Nichushkin and loses puck.
11:12 of 1st period - Zach Whitecloud is hit by Brad Marchand and loses puck.
11:27 of 1st period - Shot by Brad Marchand.
11:27 of 1st period - Shot Blocked by Gabriel Landeskog.
11:51 of 1st period - Icing by Will Butcher.
11:52 of 1st period - Jamie Benn wins face-off versus William Nylander in PITTSBURGH Penguins zone.
12:01 of 1st period - Shot by Nathan Mackinnon.
12:01 of 1st period - Shot Misses the Net.
12:03 of 1st period - Shot by Jamie Benn.
12:03 of 1st period - Shot Misses the Net.
12:05 of 1st period - Shot by Jake DeBrusk.
12:05 of 1st period - Stopped by Darcy Kuemper without a rebound.
12:06 of 1st period - Mark Stone wins face-off versus Gustav Nyquist in PITTSBURGH Penguins zone.
12:12 of 1st period - Icing by Andrei Svechnikov.
12:13 of 1st period - Jamie Benn wins face-off versus Gustav Nyquist in PITTSBURGH Penguins zone.
12:18 of 1st period - Shot by Nathan Mackinnon.
12:18 of 1st period - Shot Blocked by Anton Lindholm.
12:20 of 1st period - Shot by Jamie Benn.
12:20 of 1st period - Stopped by Darcy Kuemper without a rebound.
12:21 of 1st period - Gustav Nyquist wins face-off versus Jamie Benn in PITTSBURGH Penguins zone.
12:40 of 1st period - Shot by Gustav Nyquist.
12:40 of 1st period - Shot Misses the Net.
12:51 of 1st period - Minor Penalty to Erik Karlsson for Slashing.
12:52 of 1st period - Jamie Benn wins face-off versus William Nylander in DETROIT Red Wings zone.
12:52 of 1st period - Jamie Benn is hit by Brad Marchand.
12:59 of 1st period - Icing by Will Butcher.
13:00 of 1st period - Jamie Benn wins face-off versus William Nylander in PITTSBURGH Penguins zone.
13:09 of 1st period - Shot by Oliver Bjorkstrand .
13:09 of 1st period - Shot Misses the Net.
13:11 of 1st period - Shot by Jake Gardiner.
13:11 of 1st period - Goal by Jake Gardiner - DETROIT Red Wings : 1 - PITTSBURGH Penguins : 2.
13:12 of 1st period - Mikko Rantanen wins face-off versus Gustav Nyquist in neutral zone.
13:44 of 1st period - Shot by Gustav Nyquist.
13:44 of 1st period - Deflect By Alexander Barabanov.
13:44 of 1st period - Stopped by Elvis Merzlikins with a rebound.
13:50 of 1st period - Shot by Gustav Nyquist.
13:50 of 1st period - Shot Misses the Net.
13:56 of 1st period - Shot by Gustav Nyquist.
13:56 of 1st period - Shot Blocked by Drake Batherson.
14:21 of 1st period - Shot by Jake Gardiner.
14:21 of 1st period - Stopped by Elvis Merzlikins without a rebound.
14:22 of 1st period - Jamie Benn wins face-off versus Vitali Kravtsov in DETROIT Red Wings zone.
14:34 of 1st period - Shot by Milan Lucic.
14:34 of 1st period - Shot Misses the Net.
14:36 of 1st period - Shot by Milan Lucic.
14:36 of 1st period - Deflect By Vitali Kravtsov.
14:36 of 1st period - Shot Misses the Net.
14:37 of 1st period - Minor Penalty to Morgan Rielly for High sticking.
14:38 of 1st period - Jamie Benn wins face-off versus William Nylander in DETROIT Red Wings zone.
14:53 of 1st period - Icing by Will Butcher.
14:54 of 1st period - Jake DeBrusk wins face-off versus William Nylander in PITTSBURGH Penguins zone.
15:01 of 1st period - Shot by Jamie Benn.
15:01 of 1st period - Shot Misses the Net.
15:48 of 1st period - Icing by Andrei Svechnikov.
15:49 of 1st period - Gustav Nyquist wins face-off versus Jamie Benn in PITTSBURGH Penguins zone.
16:47 of 1st period - Shot by Valeri Nichushkin.
16:47 of 1st period - Shot Misses the Net.
16:49 of 1st period - Shot by Valeri Nichushkin.
16:49 of 1st period - Shot Misses the Net.
16:51 of 1st period - Shot by Gabriel Landeskog.
16:51 of 1st period - Stopped by Darcy Kuemper without a rebound.
16:52 of 1st period - William Nylander wins face-off versus Mike Amadio in PITTSBURGH Penguins zone.
16:52 of 1st period - William Nylander is hit by Gabriel Landeskog.
17:32 of 1st period - Shot by Gabriel Landeskog.
17:32 of 1st period - Stopped by Darcy Kuemper without a rebound.
17:33 of 1st period - Jamie Benn wins face-off versus Ross Colton in PITTSBURGH Penguins zone.
17:43 of 1st period - Kevin Connauton is hit by Morgan Rielly and loses puck.
17:51 of 1st period - Jamie Benn is hit by Kevin Connauton and loses puck.
17:54 of 1st period - Shot by Jake DeBrusk.
17:54 of 1st period - Shot Misses the Net.
17:56 of 1st period - Shot by Jamie Benn.
17:56 of 1st period - Shot Misses the Net.
17:58 of 1st period - Shot by Jamie Benn.
17:58 of 1st period - Shot Misses the Net.
18:01 of 1st period - Jake DeBrusk is hit by Trevor Carrick and loses puck.
18:57 of 1st period - Shot by Mark Stone.
18:57 of 1st period - Shot Misses the Net.
19:03 of 1st period - Drake Batherson is hit by Brad Marchand.
19:20 of 1st period - Shot by Oliver Bjorkstrand .
19:20 of 1st period - Deflect By Brad Marchand.
19:20 of 1st period - Stopped by Elvis Merzlikins without a rebound.
19:21 of 1st period - Gustav Nyquist wins face-off versus Valeri Nichushkin in DETROIT Red Wings zone.
19:35 of 1st period - Icing by Devon Toews.
19:36 of 1st period - Justin Kloos wins face-off versus Mike Amadio in DETROIT Red Wings zone.
19:43 of 1st period - Shot by Brad Marchand.
19:43 of 1st period - Stopped by Elvis Merzlikins with a rebound.
19:45 of 1st period - Shot by Anton Lindholm.
19:45 of 1st period - Stopped by Elvis Merzlikins without a rebound.
19:46 of 1st period - Gustav Nyquist wins face-off versus Jake DeBrusk in DETROIT Red Wings zone.
19:53 of 1st period - Shot by Alexander Barabanov.
19:53 of 1st period - Goal by Alexander Barabanov - DETROIT Red Wings : 1 - PITTSBURGH Penguins : 3.
19:54 of 1st period - William Nylander wins face-off versus Jamie Benn in neutral zone.
Goals for this period are 1 for DETROIT Red Wings vs 3 for PITTSBURGH Penguins.
Shots for this period are 11 for DETROIT Red Wings vs 12 for PITTSBURGH Penguins.

2nd period


0:01 of 2nd period - Jamie Benn wins face-off versus William Nylander in neutral zone.
1:56 of 2nd period - Off-side.
1:57 of 2nd period - Ross Colton wins face-off versus Mike Amadio in neutral zone.
3:03 of 2nd period - Shot by William Nylander.
3:03 of 2nd period - Shot Misses the Net.
3:05 of 2nd period - Shot by Will Butcher.
3:05 of 2nd period - Stopped by Elvis Merzlikins without a rebound.
3:06 of 2nd period - Tanner Jeannot wins face-off versus William Nylander in DETROIT Red Wings zone.
4:02 of 2nd period - Off-side.
4:03 of 2nd period - Gustav Nyquist wins face-off versus Mike Amadio in neutral zone.
4:09 of 2nd period - Icing by Zach Whitecloud.
4:10 of 2nd period - Gustav Nyquist wins face-off versus Valeri Nichushkin in DETROIT Red Wings zone.
4:22 of 2nd period - Icing by Mike Amadio.
4:23 of 2nd period - Mike Amadio wins face-off versus Ross Colton in DETROIT Red Wings zone.
4:31 of 2nd period - Shot by Ross Colton.
4:31 of 2nd period - Shot Misses the Net.
4:33 of 2nd period - Shot by Kevin Connauton.
4:33 of 2nd period - Stopped by Elvis Merzlikins without a rebound.
4:34 of 2nd period - Jamie Benn wins face-off versus Justin Kloos in DETROIT Red Wings zone.
4:36 of 2nd period - Icing by Erik Karlsson.
4:37 of 2nd period - William Nylander wins face-off versus Jamie Benn in DETROIT Red Wings zone.
5:03 of 2nd period - Icing by Will Butcher.
5:04 of 2nd period - Mikko Rantanen wins face-off versus William Nylander in PITTSBURGH Penguins zone.
5:12 of 2nd period - Icing by William Nylander.
5:13 of 2nd period - Drake Batherson wins face-off versus William Nylander in PITTSBURGH Penguins zone.
5:25 of 2nd period - Will Butcher is hit by Morgan Rielly and loses puck.
5:30 of 2nd period - Shot by Will Butcher.
5:30 of 2nd period - Shot Misses the Net.
5:32 of 2nd period - Shot by Jake Gardiner.
5:32 of 2nd period - Shot Misses the Net.
5:34 of 2nd period - Shot by Jake Gardiner.
5:34 of 2nd period - Shot Misses the Net.
7:18 of 2nd period - Mike Amadio is hit by Andrei Svechnikov.
7:27 of 2nd period - Icing by Zach Whitecloud.
7:28 of 2nd period - William Nylander wins face-off versus Mike Amadio in DETROIT Red Wings zone.
7:35 of 2nd period - Shot by Brad Marchand.
7:35 of 2nd period - Shot Blocked by Sami Niku.
8:20 of 2nd period - Icing by Morgan Rielly.
8:21 of 2nd period - Vitali Kravtsov wins face-off versus Drake Batherson in DETROIT Red Wings zone.
8:25 of 2nd period - Minor Penalty to Milan Lucic for Diving.
8:26 of 2nd period - Jamie Benn wins face-off versus Brad Marchand in PITTSBURGH Penguins zone.
9:59 of 2nd period - Shot by Morgan Rielly.
9:59 of 2nd period - Shot Blocked by Kevin Connauton.
10:48 of 2nd period - Shot by Milan Lucic.
10:48 of 2nd period - Shot Misses the Net.
11:17 of 2nd period - Valeri Nichushkin is hit by Kevin Connauton and loses puck.
11:28 of 2nd period - Shot by Jamie Benn.
11:28 of 2nd period - Shot Misses the Net.
11:30 of 2nd period - Shot by Jamie Benn.
11:30 of 2nd period - Stopped by Darcy Kuemper without a rebound.
11:31 of 2nd period - Noah Gregor wins face-off versus Gustav Nyquist in PITTSBURGH Penguins zone.
11:35 of 2nd period - Noah Gregor is hit by Anton Lindholm and loses puck.
12:10 of 2nd period - Shot by Tanner Jeannot.
12:10 of 2nd period - Stopped by Darcy Kuemper without a rebound.
12:11 of 2nd period - Oliver Bjorkstrand wins face-off versus Drake Batherson in PITTSBURGH Penguins zone.
12:18 of 2nd period - Shot by Oliver Bjorkstrand .
12:18 of 2nd period - Stopped by Elvis Merzlikins without a rebound.
12:19 of 2nd period - Drake Batherson wins face-off versus William Nylander in DETROIT Red Wings zone.
12:40 of 2nd period - Drake Batherson is hit by William Nylander.
12:46 of 2nd period - Shot by William Nylander.
12:46 of 2nd period - Stopped by Elvis Merzlikins without a rebound.
12:47 of 2nd period - Jamie Benn wins face-off versus Gustav Nyquist in DETROIT Red Wings zone.
12:49 of 2nd period - Icing by Nathan Mackinnon.
12:50 of 2nd period - Jamie Benn wins face-off versus Gustav Nyquist in DETROIT Red Wings zone.
13:19 of 2nd period - Gustav Nyquist is hit by Morgan Rielly and loses puck.
13:25 of 2nd period - Icing by Morgan Rielly.
13:26 of 2nd period - William Nylander wins face-off versus Jamie Benn in DETROIT Red Wings zone.
13:33 of 2nd period - Brad Marchand is hit by Jamie Benn and loses puck.
14:36 of 2nd period - Shot by Ross Colton.
14:36 of 2nd period - Stopped by Elvis Merzlikins without a rebound.
14:37 of 2nd period - Alexander Barabanov wins face-off versus Drake Batherson in DETROIT Red Wings zone.
14:40 of 2nd period - Shot by Andrei Svechnikov.
14:40 of 2nd period - Stopped by Elvis Merzlikins without a rebound.
14:41 of 2nd period - Gustav Nyquist wins face-off versus Drake Batherson in DETROIT Red Wings zone.
14:42 of 2nd period - Shot by Andrei Svechnikov.
14:42 of 2nd period - Stopped by Elvis Merzlikins without a rebound.
14:43 of 2nd period - Drake Batherson wins face-off versus Gustav Nyquist in DETROIT Red Wings zone.
14:48 of 2nd period - Shot by Mikko Rantanen.
14:48 of 2nd period - Shot Misses the Net.
15:00 of 2nd period - Shot by Drake Batherson.
15:00 of 2nd period - Stopped by Darcy Kuemper without a rebound.
15:01 of 2nd period - Mike Amadio wins face-off versus William Nylander in PITTSBURGH Penguins zone.
15:23 of 2nd period - Icing by Will Butcher.
15:24 of 2nd period - William Nylander wins face-off versus Drake Batherson in PITTSBURGH Penguins zone.
15:24 of 2nd period - William Nylander is hit by Drake Batherson.
15:42 of 2nd period - Shot by Oliver Bjorkstrand .
15:42 of 2nd period - Shot Misses the Net.
17:15 of 2nd period - Zach Whitecloud is hit by Andrei Svechnikov and loses puck.
17:22 of 2nd period - Shot by Mike Amadio.
17:22 of 2nd period - Shot Blocked by Anton Lindholm.
17:34 of 2nd period - Shot by Mike Amadio.
17:34 of 2nd period - Stopped by Darcy Kuemper without a rebound.
17:35 of 2nd period - Ross Colton wins face-off versus Drake Batherson in PITTSBURGH Penguins zone.
17:40 of 2nd period - Shot by Milan Lucic.
17:40 of 2nd period - Stopped by Elvis Merzlikins without a rebound.
17:41 of 2nd period - Ross Colton wins face-off versus Drake Batherson in DETROIT Red Wings zone.
18:43 of 2nd period - Shot by Jamie Benn.
18:43 of 2nd period - Stopped by Darcy Kuemper without a rebound.
18:44 of 2nd period - Jamie Benn wins face-off versus William Nylander in PITTSBURGH Penguins zone.
19:08 of 2nd period - Icing by William Nylander.
19:09 of 2nd period - Valeri Nichushkin wins face-off versus William Nylander in PITTSBURGH Penguins zone.
19:47 of 2nd period - Off-side.
19:48 of 2nd period - Gustav Nyquist wins face-off versus Jamie Benn in neutral zone.
19:55 of 2nd period - Icing by Devon Toews.
19:56 of 2nd period - Gustav Nyquist wins face-off versus Nathan Mackinnon in DETROIT Red Wings zone.
Goals for this period are 0 for DETROIT Red Wings vs 0 for PITTSBURGH Penguins.
Shots for this period are 5 for DETROIT Red Wings vs 8 for PITTSBURGH Penguins.

3rd period


0:01 of 3rd period - Jamie Benn wins face-off versus Justin Kloos in neutral zone.
0:03 of 3rd period - Off-side.
0:04 of 3rd period - Jamie Benn wins face-off versus Justin Kloos in neutral zone.
1:02 of 3rd period - Shot by Mikko Rantanen.
1:02 of 3rd period - Deflect By Drake Batherson.
1:02 of 3rd period - Shot Misses the Net.
1:04 of 3rd period - Shot by Morgan Rielly.
1:04 of 3rd period - Deflect By Mark Stone.
1:04 of 3rd period - Stopped by Darcy Kuemper with a rebound.
1:06 of 3rd period - Shot by Jake Bean.
1:06 of 3rd period - Shot Misses the Net.
1:11 of 3rd period - Drake Batherson is hit by Will Butcher and loses puck.
1:37 of 3rd period - Drake Batherson is hit by Jake Gardiner and loses puck.
1:55 of 3rd period - Jake Gardiner is hit by Sami Niku and loses puck.
2:04 of 3rd period - Shot by Gabriel Landeskog.
2:04 of 3rd period - Shot Blocked by Jake Gardiner.
2:50 of 3rd period - Adam Larsson is hit by Jamie Benn and loses puck.
3:14 of 3rd period - Noah Gregor is hit by Adam Larsson and loses puck.
3:34 of 3rd period - Icing by Morgan Rielly.
3:35 of 3rd period - Vitali Kravtsov wins face-off versus Drake Batherson in DETROIT Red Wings zone.
3:41 of 3rd period - Jake Bean is hit by Ross Colton and loses puck.
4:29 of 3rd period - Off-side.
4:30 of 3rd period - Gustav Nyquist wins face-off versus Jake DeBrusk in neutral zone.
4:45 of 3rd period - Shot by Andrei Svechnikov.
4:45 of 3rd period - Shot Blocked by Devon Toews.
4:59 of 3rd period - Off-side.
5:00 of 3rd period - Mike Amadio wins face-off versus William Nylander in neutral zone.
5:03 of 3rd period - Shot by Sami Niku.
5:03 of 3rd period - Shot Misses the Net.
5:21 of 3rd period - Shot by William Nylander.
5:21 of 3rd period - Shot Misses the Net.
5:53 of 3rd period - Shot by Milan Lucic.
5:53 of 3rd period - Shot Misses the Net.
6:06 of 3rd period - Icing by Devon Toews.
6:07 of 3rd period - Jamie Benn wins face-off versus Gustav Nyquist in DETROIT Red Wings zone.
6:35 of 3rd period - Icing by Will Butcher.
6:36 of 3rd period - Gustav Nyquist wins face-off versus Drake Batherson in PITTSBURGH Penguins zone.
7:23 of 3rd period - Shot by Oliver Bjorkstrand .
7:23 of 3rd period - Shot Hit the Post.
8:04 of 3rd period - Kevin Connauton is hit by Nathan Mackinnon and loses puck.
8:12 of 3rd period - Milan Lucic is hit by Devon Toews.
8:23 of 3rd period - Icing by Erik Karlsson.
8:24 of 3rd period - Jamie Benn wins face-off versus Gustav Nyquist in DETROIT Red Wings zone.
8:47 of 3rd period - Shot by Gustav Nyquist.
8:47 of 3rd period - Shot Misses the Net.
9:01 of 3rd period - Shot by Andrei Svechnikov.
9:01 of 3rd period - Shot Blocked by Erik Karlsson.
9:10 of 3rd period - Icing by Devon Toews.
9:11 of 3rd period - Jamie Benn wins face-off versus Ross Colton in DETROIT Red Wings zone.
9:16 of 3rd period - Trevor Carrick is hit by Nathan Mackinnon and loses puck.
9:22 of 3rd period - Kevin Connauton is hit by Nathan Mackinnon and loses puck.
9:26 of 3rd period - Kevin Connauton is hit by Erik Karlsson and loses puck.
9:40 of 3rd period - Shot by Milan Lucic.
9:40 of 3rd period - Shot Blocked by Erik Karlsson.
9:42 of 3rd period - Shot by Trevor Carrick.
9:42 of 3rd period - Shot Misses the Net.
9:59 of 3rd period - Icing by Devon Toews.
10:00 of 3rd period - Jamie Benn wins face-off versus William Nylander in DETROIT Red Wings zone.
10:17 of 3rd period - Shot by Mikko Rantanen.
10:17 of 3rd period - Deflect By Mark Stone.
10:17 of 3rd period - Stopped by Darcy Kuemper without a rebound.
10:18 of 3rd period - Drake Batherson wins face-off versus Gustav Nyquist in PITTSBURGH Penguins zone.
10:47 of 3rd period - Icing by Morgan Rielly.
10:48 of 3rd period - Brad Marchand wins face-off versus Drake Batherson in DETROIT Red Wings zone.
11:29 of 3rd period - Shot by Mike Amadio.
11:29 of 3rd period - Shot Misses the Net.
11:57 of 3rd period - Shot by Sami Niku.
11:57 of 3rd period - Shot Misses the Net.
12:02 of 3rd period - Off-side.
12:03 of 3rd period - Noah Gregor wins face-off versus Ross Colton in neutral zone.
12:11 of 3rd period - Shot by Vitali Kravtsov.
12:11 of 3rd period - Shot Misses the Net.
12:13 of 3rd period - Shot by Vitali Kravtsov.
12:13 of 3rd period - Shot Blocked by Jake Bean.
12:15 of 3rd period - Shot by Ross Colton.
12:15 of 3rd period - Stopped by Elvis Merzlikins without a rebound.
12:16 of 3rd period - Gustav Nyquist wins face-off versus Drake Batherson in DETROIT Red Wings zone.
13:05 of 3rd period - Shot by Gabriel Landeskog.
13:05 of 3rd period - Stopped by Darcy Kuemper without a rebound.
13:06 of 3rd period - Jamie Benn wins face-off versus William Nylander in PITTSBURGH Penguins zone.
13:23 of 3rd period - Jake DeBrusk is hit by Brad Marchand and loses puck.
13:51 of 3rd period - Icing by Morgan Rielly.
13:52 of 3rd period - Jamie Benn wins face-off versus Ross Colton in DETROIT Red Wings zone.
14:25 of 3rd period - Shot by Gabriel Landeskog.
14:25 of 3rd period - Stopped by Darcy Kuemper with a rebound.
14:27 of 3rd period - Shot by Mike Amadio.
14:27 of 3rd period - Shot Misses the Net.
14:31 of 3rd period - Shot by Mike Amadio.
14:31 of 3rd period - Stopped by Darcy Kuemper without a rebound.
14:32 of 3rd period - Drake Batherson wins face-off versus Gustav Nyquist in PITTSBURGH Penguins zone.
15:05 of 3rd period - Shot by Mikko Rantanen.
15:05 of 3rd period - Stopped by Darcy Kuemper without a rebound.
15:06 of 3rd period - William Nylander wins face-off versus Noah Gregor in PITTSBURGH Penguins zone.
15:06 of 3rd period - William Nylander is hit by Tanner Jeannot.
15:25 of 3rd period - William Nylander is hit by Sami Niku and loses puck.
15:38 of 3rd period - Minor Penalty to Tanner Jeannot for Tripping.
15:39 of 3rd period - Jamie Benn wins face-off versus Gustav Nyquist in DETROIT Red Wings zone.
15:50 of 3rd period - Erik Karlsson is hit by Andrei Svechnikov and loses puck.
16:06 of 3rd period - Icing by Jake Gardiner.
16:07 of 3rd period - Jamie Benn wins face-off versus Gustav Nyquist in PITTSBURGH Penguins zone.
16:49 of 3rd period - Icing by Adam Larsson.
16:50 of 3rd period - William Nylander wins face-off versus Jamie Benn in PITTSBURGH Penguins zone.
17:05 of 3rd period - Shot by Oliver Bjorkstrand .
17:05 of 3rd period - Stopped by Elvis Merzlikins without a rebound.
17:06 of 3rd period - William Nylander wins face-off versus Nathan Mackinnon in DETROIT Red Wings zone.
17:11 of 3rd period - Shot by Anton Lindholm.
17:11 of 3rd period - Stopped by Elvis Merzlikins without a rebound.
17:12 of 3rd period - Jamie Benn wins face-off versus William Nylander in DETROIT Red Wings zone.
17:47 of 3rd period - Shot by Alexander Barabanov.
17:47 of 3rd period - Shot Misses the Net.
18:09 of 3rd period - Valeri Nichushkin is hit by Jake Gardiner and loses puck.
18:16 of 3rd period - Gustav Nyquist is hit by Gabriel Landeskog and loses puck.
18:56 of 3rd period - Brad Marchand is hit by Drake Batherson and loses puck.
19:43 of 3rd period - Shot by Jake DeBrusk.
19:43 of 3rd period - Stopped by Darcy Kuemper without a rebound.
19:44 of 3rd period - Ross Colton wins face-off versus Noah Gregor in PITTSBURGH Penguins zone.
19:44 of 3rd period - Ross Colton is hit by Tanner Jeannot.
19:58 of 3rd period - Shot by Milan Lucic.
19:58 of 3rd period - Stopped by Elvis Merzlikins without a rebound.
19:59 of 3rd period - Jamie Benn wins face-off versus Gustav Nyquist in DETROIT Red Wings zone.
Goals for this period are 0 for DETROIT Red Wings vs 0 for PITTSBURGH Penguins.
Shots for this period are 7 for DETROIT Red Wings vs 4 for PITTSBURGH Penguins.